 Dungeon Crawl Stone Soup version 0.29-a0-337-g68df138881 (webtiles) character file.

Game seed: 16488855133966439563

1342 Murumi the Shield-Bearer (level 8, 0/51 HPs)
             Began as a Gargoyle Fighter on Apr 16, 2022.
             Slain by a centaur (5 damage)
             ... on level 6 of the Dungeon.
             The game lasted 00:17:20 (6103 turns).

Murumi the Shield-Bearer (Gargoyle Fighter)         Turns: 6103, Time: 00:17:20

Health: 0/51       AC: 19    Str: 26    XL:     8   Next: 62%
Magic:  8/8        EV:  8    Int:  9    God:
Gold:   230        SH:  6    Dex: 11    Spells: 7/7 levels left

rFire   . . .      SeeInvis .   b - +5 mace of Eternal Vigilance {vorpal, rElec Str+4 Dex+2}
rCold   . . .      Faith    .   c - +1 buckler
rNeg    + . .      Spirit   .   n - +0 chain mail
rPois   ∞          Reflect  .   (no helmet)
rElec   +          Harm     .   f - scarf {repulsion}
rCorr   .          Rampage  .   q - +2 pair of gloves
Will    .....                   (no boots)
Stlth   ..........              (no amulet)
HPRegen 0.17/turn               (no ring)
MPRegen 0.11/turn               (no ring)

@: repel missiles
A: sickness immunity, AC +5, negative energy resistance 1, electricity
resistance, torment resistance 1, petrification resistance
a: no special abilities


You were on level 6 of the Dungeon.
You visited 1 branch of the dungeon, and saw 6 of its levels.

You collected 230 gold pieces.

Inventory:

Hand Weapons
 a - a +1 flail
 b - the +5 mace of Eternal Vigilance (weapon) {vorpal, rElec Str+4 Dex+2}
   (You found it on level 3 of the Dungeon)

   It inflicts extra damage upon your enemies.
   Str:       It affects your strength (+4).
   Dex:       It affects your dexterity (+2).
   rElec:     It insulates you from electricity.
Armour
 c - a +1 buckler (worn)
 f - a scarf of repulsion (worn)
 n - a +0 chain mail (worn)
 q - a +2 pair of gloves (worn)
Wands
 l - a wand of digging (8)
Scrolls
 h - a scroll of blinking
 t - a scroll of enchant weapon
Potions
 d - 3 potions of might
 e - a potion of invisibility
 g - a potion of lignification
 i - a potion of cancellation
 j - a potion of curing
 k - a potion of brilliance
 m - 2 potions of heal wounds
 o - 2 potions of mutation {unknown}
 p - a potion of berserk rage {unknown}
 r - a potion of haste {unknown}
 s - a potion of ambrosia {unknown}
 u - a potion of resistance {unknown}


   Skills:
 - Level 6.0 Fighting
 - Level 5.0 Maces & Flails
 - Level 6.0 Armour
 + Level 1.8 Dodging
 - Level 3.0 Stealth
 - Level 6.0 Shields
 - Level 2.0 Evocations


You had 7 spell levels left.
You didn't know any spells.
Your spell library contained the following spells:

 Spells                   Type           Power      Damage    Failure   Level
 Beastly Appendage        Tmut           0%         N/A       96%         1
 Static Discharge         Conj/Air       0%         N/A       99%         2
 Wereblood                Tmut           0%         N/A       99%         2
 Frozen Ramparts          Ice            0%         1d2       100%        3
 Spider Form              Tmut/Pois      0%         N/A       100%        3
 Ice Form                 Ice/Tmut       0%         N/A       100%        4
 Summon Ice Beast         Ice/Summ       0%         N/A       100%        4
 Lightning Bolt           Conj/Air       0%         1d11      100%        5
 Maxwell's Capacitive Co  Air            0%         ∞         100%        8


Dungeon Overview and Level Annotations

Branches:
Dungeon (6/15)
 Temple: D:4-7

Altars:
Dithmenos
Fedhas
Trog
Uskayaw
Vehumet

Shops:
D:2 (


Innate Abilities, Weirdness & Mutations

You are immune to sickness and miasma.
Your stone body is resilient. (AC +5)
You are immune to poison.
You resist negative energy. (rN+)
You are resistant to electric shocks. (rElec)
You are resistant to unholy torment.
You are immune to petrification.


Message History

The steam dragon bites you but does no damage.
The steam dragon barely misses you.
You feel much better.
You are engulfed in a cloud of scalding steam.
The centaur completely misses you. You block the centaur's attack.
The centaur hits you. The centaur closely misses you.
The steam dragon bites you but does no damage.
The steam dragon claws you but does no damage.
You hit the steam dragon.
The steam dragon is almost dead.
The centaur closely misses you.
The centaur kicks you but does no damage.
The steam dragon bites you. The steam dragon claws you.
The centaur is engulfed in a cloud of scalding steam.
The centaur hits you.
The centaur kicks you but does no damage.
You barely miss the steam dragon.
The steam dragon is almost dead.
The centaur hits you but does no damage.
You block the centaur's attack. The steam dragon barely misses you.
The steam dragon claws you.
You barely miss the steam dragon.
The steam dragon is almost dead.
The centaur barely misses you. x2
The steam dragon breathes steam at you. The ball of steam hits you!
* * * LOW HITPOINT WARNING * * *
The centaur shoots an arrow.
The arrow hits you but does no damage.
The centaur hits you but does no damage.
The centaur kicks you but does no damage.
The centaur unwields a +0 shortbow.
The centaur hits you but does no damage.
You block the centaur's attack. x2
The centaur kicks you but does no damage.
The steam dragon bites you.
* * * LOW HITPOINT WARNING * * *
The steam dragon claws you.
* * * LOW HITPOINT WARNING * * *
The centaur hits you.
You die...

................/..#
...................#
...................#
...................+
...........!.......#
..............$....#
...................#
................§§§#
.....^..........@.§#
########.......cDc§#
#### #...........#
..)# #......##.....
...# ###..[........#
...# #.........!.#
...# #...........#
...# #.###########
...#


You could see a steam dragon and 2 centaurs.

Vanquished Creatures
  The ghost of ouz the Sneak, an amateur VSBr (D:3)
  Eustachio (D:6)
  2 black bears
  4 ogres (D:4)
  2 scorpions
  2 hounds (D:5)
  An orc priest (D:4)
  2 iguanas (D:6)
  2 orc wizards (D:4)
  4 gnolls (D:4)
  12 adders
  An ufetubus (D:4)
  2 worms (D:3)
  13 orcs
  6 endoplasms
  A giant cockroach (D:4)
  2 goblins
  2 hobgoblins
  4 jackals
  5 quokkas
  7 ball pythons
  5 frilled lizards
  5 kobolds
  6 rats
92 creatures vanquished.

Vanquished Creatures (others)
  8 withered plants (D:1)
8 creatures vanquished.

Grand Total: 100 creatures vanquished

Notes
Turn   | Place    | Note
-------+----------+-------------------------------------------
     0 | D:1      | Murumi the Gargoyle Fighter began the quest for the Orb.
     0 | D:1      | Reached XP level 1. HP: 14/14 MP: 1/1
    23 | D:1      | Found a faded altar of an unknown god.
   554 | D:1      | Reached XP level 2. HP: 19/19 MP: 2/2
  1049 | D:2      | You fall into a shaft and drop 1 floor!
  1385 | D:2      | Reached XP level 3. HP: 22/24 MP: 3/3
  1541 | D:2      | Found Dewivod's Weapon Boutique.
  1956 | D:3      | Found a blossoming altar of Fedhas.
  2350 | D:3      | Found a runed translucent door.
  2391 | D:3      | Noticed ouz's ghost (amateur VSBr)
  2596 | D:3      | Reached skill level 1 in Stealth
  2596 | D:3      | Reached XP level 4. HP: 29/29 MP: 4/4
  2620 | D:3      | Reached skill level 1 in Evocations
  2624 | D:3      | Identified the +5 mace of Eternal Vigilance {vorpal, rElec
                  | Str+4 Dex+2}
  3031 | D:3      | Reached skill level 1 in Dodging
  3035 | D:3      | Killed ouz's ghost
  3036 | D:3      | Reached XP level 5. HP: 26/33 MP: 5/5
  3036 | D:3      | Reached XP level 6. HP: 30/38 MP: 6/6
  3186 | D:4      | Found a radiant altar of Vehumet.
  3388 | D:4      | Reached skill level 5 in Shields
  3435 | D:4      | Found a bloodstained altar of Trog.
  3602 | D:4      | Reached skill level 5 in Fighting
  3602 | D:4      | Reached XP level 7. HP: 40/44 MP: 7/7
  3718 | D:4      | Reached skill level 5 in Armour
  4087 | D:4      | Found a hide-covered altar of Uskayaw.
  4539 | D:4      | Reached skill level 5 in Maces & Flails
  4539 | D:4      | Reached XP level 8. HP: 48/49 MP: 8/8
  4812 | D:5      | Entered Level 5 of the Dungeon
  5175 | D:5      | Found a shadowy altar of Dithmenos.
  5865 | D:6      | Noticed Eustachio
  5897 | D:6      | Killed Eustachio
  6098 | D:6      | HP: 2/51 [centaur (3)]
  6103 | D:6      | Slain by a centaur

Illustrated notes

Levels and vault maps discovered:
D:1:      lemuel_arrival_broad_hall, layout_loops_corners,
          ebering_ecumenical_altar_petrified, nicolae_figureground_sparkle
D:2:      layout_loops_ring, serial_shops, nicolae_shop_advertising_works
          [nicolae_subvault_shop_adworks], kennysheep_another_room
D:3:      layout_basic, mainiacjoe_overflow_concentric_impassable,
          ebering_ghost_sewer_d, minmay_checkerbox
D:4:      black_bear_nest_2, layout_basic, lightli_temple_of_fire,
          nicolae_vehumet_altar_sigil, nicolae_uskayaw_murder_on_the_dancefloor
D:5:      layout_loops_ring, kennysheep_mini, grunt_ministairs_7,
          kennysheep_generic_room_10
D:6:      layout_basic, uniq_menkaure, uniq_eustachio, uniq_crazy_yiuf_cottage

Skill      XL: |  1  2  3  4  5  6  7  8 |
---------------+-------------------------+-----
Shields        | 4 5 6 |  6.0
Fighting       | 4 5 6 |  6.0
Armour         | 4 5 6 |  6.0
Stealth        | 1 2 3 |  3.0
Evocations     | 1 2 |  2.0
Dodging        | 1 |  1.8
Maces & Flails | 4 5 |  5.0

Action                   |  1- 3 |  4- 6 |  7- 9 || total
-------------------------+-------+-------+-------++-------
Melee: Flail             |   123 |    16 |       ||   139
       Mace              |       |    38 |   137 ||   175
  Use: Scroll            |    10 |     4 |     3 ||    17
       Potion            |       |       |     1 ||     1
Armor: Scale mail        |    43 |       |       ||    43
       Chain mail        |    21 |    33 |   100 ||   154
Dodge: Dodged            |    46 |    22 |    67 ||   135
Block: Buckler           |    25 |     8 |    51 ||    84

Table legend: (Time is in decaauts)
 A = Elapsed time spent in this place.
 B = Non-inter-level travel time spent in this place.
 C = Inter-level travel time spent in this place.
 D = Time resting spent in this place.
 E = Time spent auto-exploring this place.
 F = Levels seen in this place.
 G = Mean time per level.
                   A        B        C        D        E       F      G
               +--------+--------+--------+--------+--------+-----+--------+
         Total |   6205 |   5860 |    345 |     33 |   4904 |   6 | 1034.2 |
       Dungeon |   6205 |   5860 |    345 |     33 |   4904 |   6 | 1034.2 |
               +--------+--------+--------+--------+--------+-----+--------+

Top non-repeatable levels by time:
     D:4: 1724 daAuts
     D:3: 1431 daAuts
     D:1: 1084 daAuts
     D:2: 712 daAuts
     D:5: 709 daAuts
     D:6: 543 daAuts
